 Dungeon Crawl Stone Soup version 0.32-a0-128-g77eb882913 (webtiles) character file.

Game seed: 3994081906214413319

13097 pokeman the Eclecticist (level 11, -1/63 HPs)
             Began as a Deep Elf Hedge Wizard on Feb 7, 2024.
             Was an Elder of Vehumet.
             Slain by a manticore (10 damage)
             ... on level 11 of the Dungeon.
             The game lasted 00:25:43 (10757 turns).

pokeman the Eclecticist (Deep Elf Hedge Wizard)    Turns: 10757, Time: 00:25:43

Health: -1/63      AC: 12    Str:  7    XL:     11   Next: 71%
Magic:  30/32      EV: 12    Int: 24    God:    Vehumet [****..]
Gold:   1072       SH:  0    Dex: 14    Spells: 28/41 levels left

rFire   . . .        w - +27 heavy crossbow "Sniper" {heavy, Acc+∞ SInv}
rCold   . . .        (shield currently unavailable)
rNeg    + . .        u - +3 leather armour
rPois   .            c - +0 hat
rElec   .            z - +0 cloak
rCorr   .            B - +2 pair of gloves
SInv    +            G - +0 pair of boots
Will    +....        (no amulet)
Stlth   ++           r - ring of positive energy
HPRegen 0.30/turn    (no ring)
MPRegen 0.23/turn

%: no passive effects
@: no status effects
A: no striking features
a: Renounce Religion


You were on level 11 of the Dungeon.
You worshipped Vehumet.
Vehumet was greatly pleased with you.
You visited 2 branches of the dungeon, and saw 12 of its levels.

You collected 1072 gold pieces.

Inventory:

Hand Weapons
 v - a +2 whip of electrocution
 w - the +27 heavy crossbow "Sniper" (weapon) {heavy, Acc+∞ SInv}
   (You took it off an orc on level 4 of the Dungeon)

   Acc+∞: It never misses its target.
   SInv:      It lets you see invisible.
 L - a +0 rapier of venom
Missiles
 i - 8 curare-tipped darts
 t - a throwing net
Armour
 c - a +0 hat (worn)
 u - a +3 leather armour (worn)
 z - a +0 cloak (worn)
 A - a +0 robe of resistance
 B - a +2 pair of gloves (worn)
 C - a +0 buckler
 G - a +0 pair of boots (worn)
 O - +0 acid dragon scales
Jewellery
 r - a ring of positive energy (left hand)
Wands
 y - a wand of digging (3)
 D - a wand of charming (24)
 H - a wand of light (11)
 J - a wand of flame (22)
 K - a wand of mindburst (5)
 N - a wand of roots (21)
Scrolls
 a - a scroll of torment {unknown}
 b - 4 scrolls of revelation {unknown}
 e - 2 scrolls of brand weapon {unknown}
 f - 8 scrolls of identify {unknown}
 g - 6 scrolls of amnesia {unknown}
 h - 6 scrolls of teleportation {unknown}
 j - 2 scrolls of enchant armour {unknown}
 l - 2 scrolls of vulnerability {unknown}
 p - 2 scrolls of poison {unknown}
 q - 3 scrolls of fog {unknown}
 s - 2 scrolls of noise {unknown}
 F - 2 scrolls of blinking {unknown}
 P - 3 scrolls of fear {unknown}
 T - 2 scrolls of immolation {unknown}
Potions
 d - a potion of magic
 k - 3 potions of might {unknown}
 m - 5 potions of curing {unknown}
 n - a potion of lignification {unknown}
 o - a potion of heal wounds {unknown}
 x - 2 potions of attraction {unknown}
 E - 2 potions of cancellation {unknown}
 I - a potion of enlightenment {unknown}
 M - a potion of brilliance {unknown}
 R - 4 potions of haste {unknown}
 S - a potion of mutation {unknown}
 U - a potion of ambrosia {unknown}
Miscellaneous
 Q - a tin of tremorstones (2/2)


   Skills:
 - Level 5.0 Fighting
 + Level 9.8 Ranged Weapons
 + Level 4.5 Armour
 - Level 3.0 Dodging
 - Level 3.0 Stealth
 * Level 15.7 Spellcasting
 + Level 9.2 Conjurations
 - Level 1.1 Summonings
 - Level 1.1 Translocations
 + Level 3.2 Fire Magic
 - Level 1.0 Air Magic
 - Level 1.0 Alchemy
 - Level 2.1 Evocations


You had 28 spell levels left.
You knew the following spells:

 Your Spells              Type           Power      Damage    Failure   Level
a - Magic Dart            Conj           100%       1d8       1%          1
b - Mephitic Cloud        Conj/Alch/Air  37%        N/A       1%          3
c - Call Imp              Summ           48%        N/A       4%          2
d - Blink                 Tloc           48%        N/A       4%          2
e - Fireball              Conj/Fire      24%        3d11      2%          5

Your spell library contained the following spells:

 Spells                   Type           Power      Damage    Failure   Level
 Sting                    Conj/Alch      100%       1d9       1%          1
 Static Discharge         Conj/Air       86%        3-7/arc   1%          2
 Dazzling Flash           Conj/Hex       82%        N/A       1%          3
 Iskenderun's Mystic Bla  Conj/Tloc      43%        2d10      1%          4
 Apportation              Tloc           48%        N/A       2%          1
 Summon Small Mammal      Summ           96%        N/A       2%          1
 Necrotise                Necr           72%        1d7       4%          1
 Slow                     Hex            72%        N/A       4%          1
 Cigotuvi's Dreadful Rot  Necr/Alch/Air  44%        N/A       4%          2
 Airstrike                Air            12%        2d(2-18)  7%          4
 Tukima's Dance           Hex            18%        N/A       12%         3
 Summon Lightning Spire   Summ/Air       24%        N/A       26%         4
 Dimensional Bullseye     Hex/Tloc       10%        N/A       32%         4
 Silence                  Hex/Air        10%        N/A       67%         5
 Curse of Agony           Necr           18%        N/A       75%         5


Dungeon Overview and Level Annotations

Branches:
Dungeon (11/15)            Temple (1/1) D:6            Lair (0/5) D:11
    Orc (0/2) D:9

Altars:
Ashenzari
Cheibriados
Dithmenos
Elyvilon
Fedhas
Gozag
Hepliaklqana
Kikubaaqudgha
Makhleb
Nemelex Xobeh
Okawaru
Qazlal
Ru
Sif Muna
Trog
Uskayaw
Vehumet
Wu Jian
Xom
Yredelemnul
Zin
The Shining One

Shops:
D:6 =   D:8 (

Annotations:
D:11 exclusion: obsidian statue


Message History

Found a spear and a wand of digging (4).
Unknown command.
The acid dragon bites you!
* * * LOW HITPOINT WARNING * * *
The acid dragon claws you but does no damage.
The efreet attacks as it pursues you! The efreet closely misses you.
Unknown command.
Casting: Fireball (dangerous; 2% risk of failure)
Confirm with . or Enter, or press ? or * to list all spells.
You blink.
Unknown command.
Casting: Blink (safe; 4% risk of failure)
Confirm with . or Enter, or press ? or * to list all spells.
Aiming: Mephitic Cloud (safe; 1% risk of failure)
Press: ? - help, Shift-Dir - straight line, f - manticore, p - efreet
Aim: a manticore (chance to affect: 58%)
The ball explodes into a vile cloud!
The stinking cloud engulfs the manticore.
The stinking cloud engulfs you.
You are engulfed in noxious fumes.
The manticore is engulfed in noxious fumes.
The manticore appears confused.
Unknown command.
Unknown command.
Unknown command.
Fire: w) +27 heavy crossbow "Sniper" {heavy, Acc+∞ SInv}
Press: ? - help, Q - select action, (/) - cycle Shift-Dir - straight line, f - wraith, p - manticore
Aim: a wraith (noxious fumes, 100% to hit)
You shoot a bolt. The bolt hits the wraith!!
You destroy the wraith!
Vehumet accepts your kill.
You feel your power returning.
You feel ready to blink again. The manticore closely misses you.
The manticore barely misses you.
The manticore misses you. x3; The manticore claws you.
* * * LOW HITPOINT WARNING * * *
The howler monkey is engulfed in noxious fumes.
The howler monkey appears confused.
The manticore misses you.
The manticore claws you but does no damage.
The manticore claws you!
You die...

#.# ..# .# †.#....# ####...#
#.## .. .# ..##....######..###
#..##.'#.#'.##.....#.†.<..##
###...###.○H###........######
#........Yß°y.........########
##.#...###.RH###^.............#
......## '#.#'§##..(..........#
###..## Y. .#§§§##............#
#..# °.# .##h§@#............#
#..#R.# ..##H/#.#..........#
#..### .. ####.##..(......##
###... ... . ##...##......
.##.... . ###[.#...... >#####.
########........... .###...#
######...#..............
.......
.........#.##)...(../...
.....##
#.#####.##.##.........)I


You could see 2 manticores, a yak, an efreet and a howler monkey (confused).

Vanquished Creatures
  A two-headed ogre (D:11)
  Pikel (D:8)
  An ugly thing (D:11)
  A cyclops (D:11)
  A centaur zombie (D:11)
  Joseph (D:8)
  2 centaur skeletons (D:11)
  An unseen horror (D:11)
  Psyche (D:8)
  A hornet (D:9)
  A meliai zombie (D:11)
  A centaur simulacrum (D:11)
  A slime creature (D:6)
  2 wyverns
  5 yaks
  A wraith (D:11)
  Grum (D:8)
  3 water moccasins
  Duvessa (D:5)
  A swamp drake (D:9)
  6 acid dragons
  A sky beast (D:6)
  An ice beast (D:6)
  The ghost of justen the Trooper, an amateur HOBe of Trog (D:4)
  5 black bears
  4 orc warriors
  4 wolves
  8 centaurs
  Blork the orc (D:5)
  4 kobold brigands
  A phantom (D:4)
  4 bullfrogs
  3 gnoll sergeants
  6 scorpions
  16 wights
  Dowan (D:5)
  18 killer bees
  An electric eel (D:11)
  2 bombardier beetles (D:4)
  7 jellies
  2 gnoll boudas
  2 hounds
  8 orc priests
  Crazy Yiuf (D:5)
  Jessica (D:2)
  3 iguanas
  2 sleepcaps
  5 orc wizards
  24 gnolls
  12 adders
  A shadow imp (D:8)
  A white imp (D:7)
  4 ufetubi (D:7)
  2 dart slugs
  2 ribbon worms
  25 orcs
  3 bats (D:3)
  12 endoplasms
  2 giant cockroaches
  4 goblins (D:2)
  9 hobgoblins
  6 jackals
  4 quokkas
  8 ball pythons
  2 frilled lizards (D:1)
  31 kobolds
  8 rats
306 creatures vanquished.

Vanquished Creatures (collateral kills)
  An ogre (D:4)
  A bombardier beetle (D:5)
  A gnoll bouda (D:4)
  A gnoll (D:4)
  7 endoplasms (D:6)
11 creatures vanquished.

Grand Total: 317 creatures vanquished

Notes
Turn   | Place    | Note
-------+----------+-------------------------------------------
     0 | D:1      | pokeman the Deep Elf Hedge Wizard began the quest for the
                  | Orb.
     0 | D:1      | Reached XP level 1. HP: 10/10 MP: 7/7
   293 | D:1      | Reached XP level 2. HP: 5/15 MP: 1/9
   669 | D:1      | Found a faded altar of an unknown god.
   754 | D:1      | Reached skill level 5 in Spellcasting
  1110 | D:2      | Reached XP level 3. HP: 20/20 MP: 3/11
  1114 | D:2      | Learned a level 3 spell: Mephitic Cloud
  1117 | D:2      | Learned a level 2 spell: Call Imp
  1120 | D:2      | Learned a level 2 spell: Blink
  1510 | D:2      | Noticed Jessica
  1517 | D:2      | Killed Jessica
  1518 | D:2      | Reached skill level 1 in Fighting
  1518 | D:2      | Reached skill level 1 in Armour
  1518 | D:2      | Reached XP level 4. HP: 18/25 MP: 4/13
  1696 | D:2      | Identified the +3 chain mail of Negligence {+Blink rElec}
  2299 | D:3      | Found an ancient bone altar of Kikubaaqudgha.
  2299 | D:3      | Found a burning altar of Makhleb.
  2302 | D:3      | Found a shimmering altar of Xom.
  2632 | D:3      | Reached skill level 6 in Spellcasting
  2715 | D:3      | Reached XP level 5. HP: 28/29 MP: 10/15
  2939 | D:4      | Noticed an ogre
  2985 | D:4      | HP: 1/29 [gnoll bouda/+0 club (10)]
  3122 | D:4      | Reached skill level 1 in Air Magic
  3122 | D:4      | Reached skill level 1 in Alchemy
  3122 | D:4      | Reached XP level 6. HP: 12/34 MP: 5/17
  3363 | D:4      | Reached skill level 7 in Spellcasting
  3415 | D:4      | Found a large runed translucent door.
  3416 | D:4      | Found a large runed translucent door.
  3418 | D:4      | Noticed justen's ghost (amateur HOBe)
  3639 | D:4      | Found a stormy altar of Qazlal.
  3736 | D:4      | Reached XP level 7. HP: 34/40 MP: 12/20
  3748 | D:4      | Reached skill level 8 in Spellcasting
  4243 | D:4      | Killed justen's ghost
  4314 | D:5      | Entered Level 5 of the Dungeon
  4314 | D:5      | Noticed Dowan
  4315 | D:5      | Killed Dowan
  4316 | D:5      | Reached skill level 1 in Ranged Weapons
  4316 | D:5      | Noticed Duvessa
  4323 | D:5      | Killed Duvessa
  4324 | D:5      | Reached skill level 9 in Spellcasting
  4324 | D:5      | Reached skill level 1 in Evocations
  4484 | D:5      | Reached XP level 8. HP: 44/44 MP: 23/23
  4584 | D:5      | Found a runed translucent door.
  4585 | D:5      | Noticed Crazy Yiuf
  4592 | D:5      | Killed Crazy Yiuf
  4723 | D:5      | Noticed Blork the orc
  4726 | D:5      | Killed Blork the orc
  4812 | D:5      | Reached skill level 5 in Conjurations
  5043 | D:5      | Reached skill level 10 in Spellcasting
  5623 | D:6      | Found Dautyr's Jewellery Emporium.
  5751 | D:6      | Reached XP level 9. HP: 48/48 MP: 25/25
  5815 | D:6      | Found a staircase to the Ecumenical Temple.
  5823 | Temple   | Entered the Ecumenical Temple
  5839 | Temple   | Became a worshipper of Vehumet
  5998 | D:6      | Reached skill level 11 in Spellcasting
  6263 | D:6      | Reached skill level 5 in Ranged Weapons
  6340 | D:6      | Reached * piety under Vehumet
  6340 | D:6      | Offered knowledge of Shock by Vehumet.
  6586 | D:7      | Identified the +2 leather armour of Gofohun {rC+ rN+ Str+3
                  | Int-5}
  6680 | D:7      | Found a shadowy altar of Dithmenos.
  6960 | D:7      | Reached skill level 12 in Spellcasting
  7014 | D:8      | Noticed Grum
  7016 | D:8      | HP: 1/49 [Grum/+0 spear (18)]
  7305 | D:8      | Reached XP level 10. HP: 38/56 MP: 28/28
  7382 | D:8      | Killed Grum
  7394 | D:8      | Found a broken altar of Ashenzari.
  7416 | D:8      | Found Gughah's Antique Weapon Boutique.
  7417 | D:8      | Reached ** piety under Vehumet
  7436 | D:8      | Offered knowledge of Searing Ray by Vehumet.
  7436 | D:8      | Noticed Psyche
  7437 | D:8      | Killed Psyche
  7455 | D:8      | Reached skill level 13 in Spellcasting
  7472 | D:8      | Noticed Pikel
  7473 | D:8      | Killed Pikel
  7558 | D:8      | Noticed Joseph
  7561 | D:8      | Killed Joseph
  7777 | D:8      | Found an ornate altar of the Wu Jian Council.
  7807 | D:8      | Found a snail-covered altar of Cheibriados.
  7914 | D:9      | Offered knowledge of Frozen Ramparts by Vehumet.
  7978 | D:9      | Reached *** piety under Vehumet
  8283 | D:9      | Offered knowledge of Sticky Flame by Vehumet.
  8284 | D:9      | Reached skill level 14 in Spellcasting
  8536 | D:9      | Reached **** piety under Vehumet
  8559 | D:9      | Found a staircase to the Orcish Mines.
  8655 | D:9      | Reached XP level 11. HP: 53/62 MP: 31/31
  8811 | D:9      | Found a basalt altar of Yredelemnul.
  9112 | D:10     | Entered Level 10 of the Dungeon
  9121 | D:10     | Offered knowledge of Fireball by Vehumet.
  9142 | D:10     | Learned a level 5 spell: Fireball
  9634 | D:11     | Noticed a two-headed ogre
  9698 | D:11     | Noticed an obsidian statue
  9785 | D:11     | Noticed a red ugly thing
 10020 | D:11     | Reached skill level 1 in Fire Magic
 10082 | D:11     | Reached skill level 15 in Spellcasting
 10084 | D:11     | Reached skill level 5 in Fighting
 10175 | D:11     | Killed a red ugly thing
 10433 | D:11     | Found a staircase to the Lair.
 10457 | D:11     | Killed a two-headed ogre
 10757 | D:11     | Slain by a manticore

Illustrated notes

Levels and vault maps discovered:
D:1:      onia_arrival_pentagram, layout_basic,
          hellmonk_ecumenical_altar_leap_of_faith
D:2:      layout_loops_cross, uniq_jessica
D:3:      layout_rooms, gammafunk_temple_overflow_forgotten
D:4:      layout_loops_cross, nicolae_qazlal_eye_of_the_storm,
          ebering_ghost_disaster_area
D:5:      layout_loops_ring, minivault_25, chequers_arboretum,
          uniq_blork_the_orc, uniq_crazy_yiuf_cottage, uniq_duvessa
D:6:      lemuel_slime, layout_gridville, temple_statues, serial_shops, shop,
          serial_bayou_crossing
D:7:      layout_gridville, grunt_dithmenos_smoke_and_mirrors,
          palyth_stone_intersect
D:8:      layout_cave_pools, mainiacjoe_overflow_concentric_impassable,
          nzn_wu_jian_contemplation, slow_altar_2, serial_shops, shop,
          uniq_psyche, uniq_joseph, uniq_grum, uniq_pikel
D:9:      layout_roguey, lemuel_doored_altar, erik_orc_1, nicolae_hexahallways,
          nicolae_the_louvre
D:10:     layout_basic, grunt_decor_resistance
D:11:     cheibrodos_barr_body, layout_rooms, due_lair_maze_entry_diamond,
          hangedman_weighted_door, minivault_16, nrook_pool_corridor,
          nicolae_hepliaklqana_hippocampus
Temple:   nicolae_temple_bog_church

Skill      XL: |  1  2  3  4  5  6  7  8  9 10 11 |
---------------+----------------------------------+-----
Spellcasting   | 5 6 7 9 10 12 14 15 | 15.7
Fighting       | 1 2 3 4 5 |  5.0
Armour         | 1 2 3 4 |  4.5
Conjurations   | 2 3 4 5 7 8 9 |  9.2
Dodging        | 3 |  3.0
Stealth        | 3 |  3.0
Air Magic      | 1 |  1.0
Alchemy        | 1 |  1.0
Ranged Weapons | 2 4 6 8 9 |  9.8
Evocations     | 1 2 |  2.1
Fire Magic     | 3 |  3.2
Summonings     | |  1.1
Translocations | |  1.1

Action                     |  1- 3 |  4- 6 |  7- 9 | 10-12 || total
---------------------------+-------+-------+-------+-------++-------
  Melee: Dagger            |    20 |       |       |       ||    20
         Punch             |     1 |     1 |     2 |       ||     4
         Short sword       |       |    52 |       |       ||    52
         Whip              |       |     4 |     9 |       ||    13
   Fire: Heavy crossbow    |       |       |    98 |   149 ||   247
   Cast: Magic Dart        |    94 |   108 |     3 |    18 ||   223
         Mephitic Cloud    |     1 |    11 |     8 |    10 ||    30
         Call Imp          |       |     3 |     6 |     1 ||    10
         Blink             |       |       |     2 |     2 ||     4
         Fireball          |       |       |       |     4 ||     4
   Stab: Confused          |     1 |     4 |     5 |       ||    10
 Armour: Robe              |    16 |    17 |       |       ||    33
         Leather armour    |       |    12 |    49 |   131 ||   192
  Dodge: Dodged            |    17 |    27 |    45 |   107 ||   196

Table legend: (Time is in decaauts)
 A = Elapsed time spent in this place.
 B = Non-inter-level travel time spent in this place.
 C = Inter-level travel time spent in this place.
 D = Time resting spent in this place.
 E = Time spent auto-exploring this place.
 F = Levels seen in this place.
 G = Mean time per level.
                   A        B        C        D        E       F      G
               +--------+--------+--------+--------+--------+-----+--------+
         Total |  11336 |  10835 |    501 |    733 |   8115 |  12 |  944.7 |
       Dungeon |  11303 |  10832 |    471 |    733 |   8115 |  11 | 1027.5 |
        Temple |     32 |      2 |     30 |      0 |      0 |   1 |   32.0 |
               +--------+--------+--------+--------+--------+-----+--------+

Top non-repeatable levels by time:
     D:4: 1340 daAuts
     D:9: 1324 daAuts
     D:5: 1280 daAuts
     D:2: 1132 daAuts
     D:6: 1077 daAuts
     D:1: 1031 daAuts
    D:11: 941 daAuts
     D:3: 826 daAuts
    D:10: 824 daAuts
     D:7: 796 daAuts
     D:8: 727 daAuts
  Temple: 32 daAuts
